 Dungeon Crawl Stone Soup version 0.19.1-28-ge1247f7 (console) character file.

5319 Kloppie the Basher (level 10, -3/96 HPs)
             Began as a Gargoyle Berserker on Jan 22, 2017.
             Was a High Priest of Trog.
             Slain by a troll (10 damage)
             ... on level 10 of the Dungeon.
             The game lasted 00:12:30 (8366 turns).

Kloppie the Basher (Gargoyle Berserker)             Turns: 8366, Time: 00:12:30

Health: -3/96      AC: 13    Str: 26    XL:     10   Next: 64%
Magic:  10/10      EV: 12    Int:  8    God:    Trog [*****.]
Gold:   656        SH:  0    Dex: 12    Spells: 0 memorised, 9 levels left

rFire  . . .     SeeInvis +     a - +0 flail
rCold  . . .     Gourm    .     m - +0 troll leather armour
rNeg   + . .     Faith    .     (no shield)
rPois  ∞         Spirit   .     u - +0 hat
rElec  +         Reflect  .     t - +1 cloak {MR+}
rCorr  .         Harm     .     (no gloves)
MR     +....                    (no boots)
Stlth  ..........               n - amulet of regeneration
                                (no ring)
                                p - ring of see invisible

@: berserking, very quick
A: negative energy resistance 1, electricity resistance, unbreathing,
petrification resistance, rot immunity, AC +7
a: Berserk, Trog's Hand, Brothers in Arms, Burn Spellbooks, Renounce Religion


You were on level 10 of the Dungeon.
You worshipped Trog.
Trog was extremely pleased with you.
You were hungry.

You visited 1 branch of the dungeon, and saw 10 of its levels.

You collected 656 gold pieces.

Inventory:

Hand Weapons
 a - a +0 flail (weapon)
 x - a +0 mace
Armour
 e - a +0 robe of magic resistance
 m - a +0 troll leather armour (worn)
 t - a +1 cloak of magic resistance (worn)
 u - a +0 hat (worn)
Jewellery
 n - an amulet of regeneration (around neck)
 p - a ring of see invisible (left hand)
Scrolls
 b - 3 scrolls of teleportation
 d - 4 scrolls of identify
 f - 3 scrolls of fear
 k - 3 scrolls of magic mapping
 s - a scroll of vulnerability {unknown}
Potions
 g - 8 potions of curing
 i - a potion of agility
 q - a potion of brilliance
 v - 2 potions of resistance
Comestibles
 c - 4 bread rations
 h - a chunk of flesh
 j - a royal jelly
 l - a slice of pizza
 o - 3 beef jerkies
 r - 3 fruits
 A - 4 meat rations


   Skills:
 - Level 8.0 Fighting
 + Level 13.7 Maces & Flails
 - Level 2.1 Armour
 - Level 1.5 Dodging


You had 9 spell levels left.
You didn't know any spells.

Dungeon Overview and Level Annotations

Branches:
Dungeon (10/15)            Temple (0/1) D:6            Lair (0/6) D:10
    Orc (0/2) D:10

Altars:
Dithmenos
Gozag
Makhleb
Nemelex Xobeh
Okawaru
Ru
Trog
Uskayaw
Yredelemnul

Annotations:
D:10 2 runed doors


Innate Abilities, Weirdness & Mutations

You are resistant to torment.
Your stone body is resilient. (AC +7)
You are immune to poison.
You resist negative energy. (rN+)
You are resistant to electric shocks. (rElec)
You can survive without breathing.
You are immune to petrification.
You are immune to rotting.


Message History

The troll is heavily wounded.
The troll bites you!
* * * LOW HITPOINT WARNING * * *
The troll barely misses you. The troll claws you!
* * * LOW HITPOINT WARNING * * *
You closely miss the troll.
The troll is heavily wounded.
You thump the troll!
The troll is severely wounded.
The troll bites you!
* * * LOW HITPOINT WARNING * * *
The troll claws you but does no damage. The troll barely misses you.
You closely miss the troll.
The troll is severely wounded.
You hit the troll.
The troll is almost dead.
The troll bites you.
* * * LOW HITPOINT WARNING * * *
The troll claws you but does no damage. The troll claws you!
You die...

.##...###+#
.##.......#
..
.#######.##
.# .#######.#
.# .........+
.##
#######..+ ..
#..# .# #..##
##T#
#...######@.#
#...[......##
##.........#
###########


You could see a troll.

Vanquished Creatures
  Pikel (D:5)
  A troll (D:9)
  Prince Ribbit (D:6)
  2 wyverns (D:10)
  A vampire mosquito (D:4)
  Menkaure (D:7)
  A water moccasin (D:8)
  A sky beast (D:9)
  2 orc warriors
  A black bear (D:9)
  A slave (D:5)
  A phantom (D:4)
  2 ogres
  2 crocodiles
  6 centaurs
  7 bullfrogs
  A gnoll sergeant (D:8)
  2 water moccasin zombies
  A scorpion (D:8)
  10 killer bees (D:10)
  6 howler monkeys
  7 crimson imps
  3 jellies
  2 orc priests (D:4)
  5 orc wizards
  7 hounds
  Crazy Yiuf (D:3)
  A centaur skeleton (D:4)
  4 worker ants
  A worker ant zombie (D:7)
  9 gnolls
  11 adders
  A river rat (D:10)
  3 shadow imps
  2 oozes
  An adder zombie (D:9)
  3 worms
  3 dart slugs
  6 leopard geckos
  27 orcs
  A ball python (D:1)
  12 bats
  8 giant cockroaches
  6 goblins
  7 hobgoblins
  13 jackals
  6 kobolds
  8 quokkas
  4 frilled lizards
  A jackal skeleton (D:4)
  8 rats
  A fungus (D:2)
223 creatures vanquished.

Vanquished Creatures (others)
  A fungus (D:10)
1 creature vanquished.

Grand Total: 224 creatures vanquished

Notes
Turn   | Place    | Note
-------+----------+-------------------------------------------
     0 | D:1      | Kloppie the Gargoyle Berserker began the quest for the Orb.
     0 | D:1      | Reached XP level 1. HP: 14/14 MP: 1/1
    69 | D:1      | Reached XP level 2. HP: 16/19 MP: 2/2
   499 | D:1      | Reached ** piety under Trog
   499 | D:1      | Reached XP level 3. HP: 24/24 MP: 3/3
   912 | D:2      | Found a basalt altar of Yredelemnul.
   963 | D:2      | Found a burning altar of Makhleb.
   992 | D:2      | Reached skill level 4 in Maces & Flails
   992 | D:2      | Reached XP level 4. HP: 18/30 MP: 4/4
  1961 | D:3      | Found a shadowy altar of Dithmenos.
  1987 | D:3      | Reached XP level 5. HP: 34/34 MP: 5/5
  2044 | D:3      | Reached skill level 5 in Fighting
  2094 | D:3      | Reached *** piety under Trog
  2163 | D:3      | Found a faded altar of an unknown god.
  2195 | D:3      | Found a runed door.
  2199 | D:3      | Noticed Crazy Yiuf
  2210 | D:3      | Killed Crazy Yiuf
  2311 | D:3      | Reached skill level 5 in Maces & Flails
  2461 | D:4      | Noticed a phantom
  2491 | D:4      | Killed a phantom
  2491 | D:4      | Reached XP level 6. HP: 39/41 MP: 6/6
  2757 | D:4      | Found an opulent altar of Gozag.
  2828 | D:4      | Got a sheer robe
  2843 | D:4      | Found a bloodstained altar of Trog.
  2867 | D:4      | Reached XP level 7. HP: 39/46 MP: 7/7
  3068 | D:4      | Noticed a vampire mosquito
  3076 | D:4      | Killed a vampire mosquito
  3076 | D:4      | Reached skill level 6 in Maces & Flails
  3246 | D:4      | Identified the cursed +0 robe of the Nightingale {rElec rC- Int+4 Dex+3 SInv} (You found it on level 4 of the Dungeon)
  3293 | D:5      | Entered Level 5 of the Dungeon
  3700 | D:5      | Noticed Pikel
  3709 | D:5      | Killed Pikel
  3709 | D:5      | Reached skill level 7 in Maces & Flails
  3709 | D:5      | Reached XP level 8. HP: 54/54 MP: 8/8
  4203 | D:5      | Reached skill level 8 in Maces & Flails
  4299 | D:5      | Found a sparkling altar of Nemelex Xobeh.
  4542 | D:6      | Found a staircase to the Ecumenical Temple.
  4657 | D:6      | Reached **** piety under Trog
  4657 | D:6      | Received a gift from Trog
  4924 | D:6      | Noticed Prince Ribbit
  4947 | D:6      | Killed Prince Ribbit
  4947 | D:6      | Reached skill level 9 in Maces & Flails
  5012 | D:6      | Reached XP level 9. HP: 55/59 MP: 9/9
  5024 | D:6      | Got a dull robe
  5256 | D:6      | Identified the cursed +0 robe "Fuekanil" {rPois rC- Int+4} (You found it on level 6 of the Dungeon)
  5556 | D:7      | Reached skill level 10 in Maces & Flails
  5614 | D:7      | Found a hide-covered altar of Uskayaw.
  5736 | D:7      | Noticed Menkaure
  5745 | D:7      | Killed Menkaure
  5762 | D:7      | Found an iron altar of Okawaru.
  5835 | D:7      | Reached skill level 11 in Maces & Flails
  5937 | D:7      | Found a sacrificial altar of Ru.
  6400 | D:8      | Reached skill level 12 in Maces & Flails
  6427 | D:8      | Reached XP level 10. HP: 62/64 MP: 10/10
  7794 | D:9      | Reached ***** piety under Trog
  7817 | D:9      | Reached skill level 13 in Maces & Flails
  7945 | D:10     | Entered Level 10 of the Dungeon
  8000 | D:10     | Found a staircase to the Orcish Mines.
  8071 | D:10     | Found a staircase to the Lair.
  8339 | D:10     | Found a large runed door.
  8339 | D:10     | Found a large runed door.
  8366 | D:10     | Slain by a troll

Skill      XL: |  1  2  3  4  5  6  7  8  9 10 |
---------------+-------------------------------+-----
Fighting       | 4 5 6 8 |  8.0
Maces & Flails | 4 5 7 9 12 13 | 13.7
Armour         | |  2.1
Dodging        | |  1.5

Action                   |  1- 3 |  4- 6 |  7- 9 | 10-12 || total
-------------------------+-------+-------+-------+-------++-------
Melee: Mace              |   107 |   255 |   191 |       ||   553
       Flail             |       |       |   233 |   238 ||   471
Invok: Berserk           |       |     2 |     7 |     5 ||    14
       Trog's Hand       |       |       |     2 |       ||     2
  Use: Potion            |       |     2 |     7 |     1 ||    10
       Scroll            |       |       |    14 |     2 ||    16
  Eat: Chunk             |       |     9 |    14 |    10 ||    33
       Meat ration       |       |       |     1 |       ||     1
Armor: Ring mail         |    35 |   122 |   125 |       ||   282
       Chain mail        |       |       |    40 |    36 ||    76
       Troll leather arm |       |       |       |    71 ||    71
Dodge: Dodged            |    74 |   167 |   242 |   132 ||   615
